[Event "Titled Tuesday Blitz September 13 Early 2022"]
[White "Skliarov, Viktor"]
[Black "Bacrot, Etienne"]
[WhiteFideId "14106736"]
[BlackFideId "605506"]
[WhiteElo "2213"]
[BlackElo "2666"]
[Result "0-1"]
[Round "03"]
[TimeControl "180+1"]
[Date "2022.09.13"]
[WhiteClock "0:00:10"]
[BlackClock "0:00:43"]

1. e4 c5 2. Nf3 d6 3. d4 cxd4 4. Qxd4 Nf6 5. Nc3 Nc6 6. Bb5 Bd7 7. Bxc6 Bxc6 8. Bg5 Qa5 9. O-O-O Rc8 10. Kb1 Nd7 11. Rhe1 e6 12. h4 h6 13. Be3 a6 14. Nd2 b5 15. Nb3 Qc7 16. f4 Ba8 17. g4 Qc4 18. Na5 Qxd4 19. Bxd4 Rg8 20. a3 Be7 21. g5 Nc5 22. f5 hxg5 23. hxg5 Bxg5 24. Rg1 Nxe4 25. Nxe4 Bxe4 26. Rxg5 Bxc2+ 27. Kc1 Bxd1+ 28. Kxd1 e5 29. Be3 f6 30. Rg2 d5 31. Nb3 d4 32. Bd2 Kf7 33. Bb4 Rh8 34. Nc5 a5 35. Ne4 axb4 36. Nd6+ Ke7 37. Nxc8+ Rxc8 38. Rxg7+ Kd6 39. Rf7 e4 40. Rxf6+ Ke5 41. Rb6 Kxf5 42. Rxb5+ Kf4 43. Rxb4 Ke3 44. a4 d3 45. a5 Rh8 0-1


[Site "https://www.chess.com"]

[Event "Titled Tuesday Blitz September 13 Early 2022"]
[White "Tang, Andrew"]
[Black "Timmermans, Mark"]
[WhiteFideId "2059630"]
[BlackFideId "1026399"]
[WhiteElo "2584"]
[BlackElo "2460"]
[Result "0-1"]
[Round "03"]
[TimeControl "180+1"]
[Date "2022.09.13"]
[WhiteClock "0:00:06"]
[BlackClock "0:00:05"]

1. d4 Nf6 2. c4 e6 3. Nc3 Bb4 4. Qc2 O-O 5. Nf3 d6 6. g3 b6 7. Bg2 Bb7 8. O-O Bxc3 9. Qxc3 Nbd7 10. b4 a5 11. b5 Qe7 12. Ba3 Rfe8 13. Rac1 e5 14. e3 exd4 15. exd4 Rac8 16. Rfd1 Ba8 17. h4 h6 18. Bh3 Qe4 19. Bg2 Qe7 20. Rd3 Qe4 21. c5 dxc5 22. dxc5 bxc5 23. Re3 Qf5 24. Rxe8+ Rxe8 25. Bxc5 Bxf3 26. Qxf3 Qxf3 27. Bxf3 Nxc5 28. Rxc5 Rb8 29. a4 Ne8 30. Bg4 Kf8 31. Bd7 Rb7 32. Bc6 Ra7 33. Bxe8 Kxe8 34. Rc6 Kd7 35. Kg2 Ra8 36. Kf3 g6 37. Kf4 Re8 38. Ra6 Re2 39. Kf3 Ra2 40. Rxa5 h5 41. Ra7 Kc8 42. Ke3 Kb8 43. Ra6 Kb7 44. f3 Kc8 45. Kf4 Kd8 46. g4 Ra3 47. gxh5 gxh5 48. Ke4 Kd7 49. Kf4 Ke7 50. Kg5 Rxf3 51. Kxh5 Rf5+ 52. Kg4 Rc5 53. h5 Kf8 54. h6 Kg8 55. Rc6 Rd5 56. Rd6 Rxd6 57. a5 Kh7 58. a6 Kxh6 0-1


[Site "https://www.chess.com"]

[Event "Titled Tuesday Blitz September 13 Early 2022"]
[White "Tari, Aryan"]
[Black "Rosen, Eric"]
[WhiteFideId "1510045"]
[BlackFideId "2032562"]
[WhiteElo "2612"]
[BlackElo "2362"]
[Result "1-0"]
[Round "03"]
[TimeControl "180+1"]
[Date "2022.09.13"]
[WhiteClock "0:00:11"]
[BlackClock "0:00:03"]

1. c4 e6 2. Nc3 d5 3. d4 Nf6 4. cxd5 exd5 5. Bg5 c6 6. Qc2 h6 7. Bh4 Bd6 8. e3 O-O 9. Bd3 Re8 10. Nge2 a5 11. Bg3 Na6 12. a3 Nc7 13. O-O Ne6 14. Rae1 Ng5 15. Bxd6 Qxd6 16. Ng3 Ng4 17. Nce2 h5 18. Nf4 g6 19. h3 Nh6 20. h4 Ne4 21. Bxe4 dxe4 22. Nxe4 Qe7 23. Ng5 Nf5 24. g3 Nd6 25. e4 Bg4 26. e5 Nb5 27. d5 Bf5 28. Qd2 Rad8 29. d6 Qf8 30. a4 f6 31. axb5 fxg5 32. hxg5 cxb5 33. Qd5+ Kg7 34. Qxb7+ Rd7 35. Qxb5 Qf7 36. Qxa5 Be6 37. Re3 h4 38. Rf3 hxg3 39. Nh5+ gxh5 40. Rxf7+ Rxf7 41. fxg3 Rxf1+ 42. Kxf1 h4 43. gxh4 Bc4+ 44. Kg1 Rf8 45. Qc7+ Rf7 46. Qxc4 Kg8 47. g6 Kh8 48. gxf7 1-0


[Site "https://www.chess.com"]

[Event "Titled Tuesday Blitz September 13 Early 2022"]
[White "Ter-Sahakyan, Samvel"]
[Black "Halkias, Stelios"]
[WhiteFideId "13302531"]
[BlackFideId "4201809"]
[WhiteElo "2604"]
[BlackElo "2453"]
[Result "1-0"]
[Round "03"]
[TimeControl "180+1"]
[Date "2022.09.13"]
[WhiteClock "0:00:11"]
[BlackClock "0:00:02"]

1. d4 Nf6 2. c4 g6 3. Nc3 Bg7 4. e4 d6 5. Be2 O-O 6. Be3 Nc6 7. d5 Ne5 8. f4 Neg4 9. Bd2 Nh6 10. h3 c6 11. g4 cxd5 12. cxd5 e6 13. g5 exd5 14. gxh6 Bxh6 15. exd5 Re8 16. Nf3 Nh5 17. Ng5 Nxf4 18. Bxf4 Bxg5 19. Qd2 Bh4+ 20. Kd1 Bf5 21. a4 Rc8 22. a5 Qf6 23. Ra4 Rc5 24. Be3 Rc7 25. Bd4 Qd8 26. Rg1 Bf6 27. Bg4 Bxd4 28. Rxd4 Qd7 29. Be2 Re5 30. h4 Qe7 31. h5 Qf6 32. hxg6 hxg6 33. Rf1 Kg7 34. Bd3 Rce7 35. Kc2 Bxd3+ 36. Qxd3 Qg5 37. Rdf4 Qg2+ 38. Kb3 Qg5 39. Qd4 f5 40. R4f2 Qf6 41. Qxa7 Re3 42. Qb6 Qe5 43. Rc2 Qxd5+ 44. Ka3 Qe5 45. Qb4 d5 46. Rd1 Rd7 47. Qd4 Qxd4 48. Rxd4 Kf6 49. Rcd2 Ke5 50. Rxd5+ Rxd5 51. Rxd5+ Ke6 52. Rb5 g5 53. Rb6+ Ke5 54. Rxb7 g4 55. a6 Re1 56. a7 Ra1+ 57. Na2 f4 58. a8=Q 1-0


[Site "https://www.chess.com"]

[Event "Titled Tuesday Blitz September 13 Early 2022"]
[White "Tisaj, Domen"]
[Black "Gurel, Ediz"]
[WhiteFideId "14628708"]
[BlackFideId "44507356"]
[WhiteElo "2352"]
[BlackElo "1894"]
[Result "0-1"]
[Round "03"]
[TimeControl "180+1"]
[Date "2022.09.13"]
[WhiteClock "0:00:02"]
[BlackClock "0:00:17"]

1. d4 Nf6 2. c4 e6 3. Nf3 b6 4. g3 Bb7 5. Bg2 Be7 6. O-O O-O 7. Nc3 Ne4 8. Qc2 Nxc3 9. Qxc3 c5 10. Rd1 Bf6 11. Be3 Nc6 12. Qd2 d6 13. b3 Qe7 14. Rac1 Rfd8 15. h4 h6 16. h5 Rac8 17. Qc2 d5 18. cxd5 Nxd4 19. Bxd4 cxd4 20. Qd2 Rxc1 21. Rxc1 Bxd5 22. Qd3 Qb7 23. Ne1 Bxg2 24. Nxg2 e5 25. f3 Bg5 26. Rc2 Rc8 27. Rxc8+ Qxc8 28. f4 exf4 29. gxf4 Bf6 30. Qe4 Qd7 31. Kf2 b5 32. Qa8+ Kh7 33. Qe4+ g6 34. hxg6+ fxg6 35. Kg3 h5 36. Kf2 h4 37. Ne1 Qg4 38. Qb7+ Kh6 39. Qf3 Qxf3+ 40. Kxf3 Kh5 41. Nd3 g5 42. fxg5 Kxg5 43. Nf4 Kf5 44. Nh3 Be7 45. Nf2 Bd6 46. Nh3 Bg3 47. Ng1 Ke5 48. Nh3 Kd5 49. a4 bxa4 50. bxa4 a5 51. Ng1 Be1 52. Nh3 Bd2 53. Kg4 Ke4 54. Kxh4 Ke3 55. Ng1 Kf2 56. Nf3 Be3 57. Ne5 Kxe2 58. Nc4 d3 59. Nxa5 d2 0-1


[Site "https://www.chess.com"]

[Event "Titled Tuesday Blitz September 13 Early 2022"]
[White "Vidit, Santosh Gujrathi"]
[Black "Goltsev, Dmitry"]
[WhiteFideId "5029465"]
[BlackFideId "24176710"]
[WhiteElo "3035"]
[BlackElo "2776"]
[Result "1-0"]
[Round "03"]
[TimeControl "180+1"]
[Date "2022.09.13"]
[WhiteClock "0:00:13"]
[BlackClock "0:00:07"]

1. Nf3 d5 2. e3 Nf6 3. c4 dxc4 4. Bxc4 e6 5. O-O Nbd7 6. d4 Nb6 7. Bd3 Be7 8. e4 h6 9. Qe2 c5 10. dxc5 Bxc5 11. Nc3 Qe7 12. e5 Nfd5 13. Ne4 O-O 14. Nxc5 Qxc5 15. Qe4 f5 16. exf6 Nxf6 17. Qe2 Nbd5 18. Ne5 a6 19. Bd2 Qd4 20. Rac1 Qxb2 21. Rc2 Qa3 22. Rb1 Nd7 23. Ng6 Re8 24. Bc4 N7f6 25. Rb3 Qa4 26. Bxh6 gxh6 27. Rg3 Kf7 28. Ne5+ Ke7 29. Rg7+ Kd6 30. Nf7+ Ke7 31. Nxh6+ Kd6 32. Nf7+ Ke7 33. Ne5+ Kd6 34. Bb3 Qd4 35. Nc4+ Kc5 36. Rd2 Qe4 37. Qd1 Bd7 38. Rc2 Qh4 39. Ne5+ Kd6 40. Nxd7 Re7 41. Rxe7 Kxe7 42. Nxf6 Nxf6 43. Rc7+ Ke8 44. Qe1 Qe4 45. Qxe4 Nxe4 46. Rxb7 Rc8 47. g3 Nc5 48. Rb6 Ke7 49. h4 Rd8 50. Rc6 Nd3 51. Rxe6+ Kf8 52. Rf6+ Kg7 53. Rxa6 Re8 54. Re6 Rc8 55. Re2 Rc1+ 56. Kg2 Ne1+ 57. Kh3 Nf3 58. Re7+ Kh6 59. Kg4 Nh2+ 60. Kf4 Rf1 61. Re2 Rg1 62. Bd5 Nf1 63. Bf3 Nh2 64. Be4 Kg7 65. Rc2 Rf1 66. f3 Ra1 67. Rxh2 Kh6 68. Rc2 Rd1 69. g4 Rd7 70. g5+ Kh5 71. g6 Rg7 72. Ke5 Kh6 73. f4 Ra7 74. Kd4 Kg7 75. Ke3 Kh8 76. f5 Ra3+ 77. Kf4 Rh3 78. Rc8+ Kg7 79. Rc7+ Kh8 80. Rh7+ Kg8 81. Bd5+ Kf8 82. g7+ 1-0


[Site "https://www.chess.com"]

[Event "Titled Tuesday Blitz September 13 Early 2022"]
[White "Visakh N R"]
[Black "Melikhov, Evgeny V."]
[WhiteFideId "25012223"]
[BlackFideId "4122046"]
[WhiteElo "2448"]
[BlackElo "1963"]
[Result "1-0"]
[Round "03"]
[TimeControl "180+1"]
[Date "2022.09.13"]
[WhiteClock "0:00:05"]
[BlackClock "0:00:01"]

1. e4 e5 2. Nf3 Nc6 3. Bb5 a6 4. Ba4 Nf6 5. O-O Nxe4 6. d4 b5 7. Bb3 d5 8. dxe5 Be6 9. Nbd2 Bc5 10. c3 O-O 11. Bc2 Nxf2 12. Rxf2 f6 13. Nb3 Bxf2+ 14. Kxf2 fxe5 15. Kg1 Bg4 16. Qd2 e4 17. Nfd4 Qf6 18. Qe1 Ne5 19. Be3 Nc4 20. Nd2 Nxb2 21. Qg3 Bh5 22. Qxc7 Nc4 23. Nxc4 bxc4 24. Qa5 Rad8 25. Bxe4 Be2 26. Bxd5+ Kh8 27. Nxe2 Qe5 28. Bd4 Qxe2 29. Qc7 Qg4 30. Bf3 Qg6 31. Rf1 Rde8 32. Qxc4 Qc2 33. h3 h6 34. Qxa6 Kh7 35. Qb7 Qg6 36. Qd5 Rf5 37. Qb3 Ref8 38. Qb1 Kh8 39. Kh1 Qg3 40. Bf2 Qg5 41. Bg1 1-0


[Site "https://www.chess.com"]

[Event "Titled Tuesday Blitz September 13 Early 2022"]
[White "Vogel, Roven"]
[Black "Xiong, Jeffery"]
[WhiteFideId "12908088"]
[BlackFideId "2047640"]
[WhiteElo "2760"]
[BlackElo "2985"]
[Result "0-1"]
[Round "03"]
[TimeControl "180+1"]
[Date "2022.09.13"]
[WhiteClock "0:01:13"]
[BlackClock "0:01:44"]

1. d4 d5 2. c4 e6 3. Nc3 Nf6 4. cxd5 exd5 5. Bg5 c6 6. e3 Bd6 7. Bd3 O-O 8. Qc2 h6 9. Bh4 Re8 10. Nge2 a5 11. Bg3 Na6 12. a3 Nc7 13. O-O Bxg3 14. Nxg3 h5 15. h3 Qd6 16. Na4 h4 17. Nf5 Bxf5 18. Bxf5 Ne6 19. Bxe6 Rxe6 20. Nc5 Re7 21. Qf5 b6 22. Nd3 Ne4 23. Rac1 Re6 24. Qf4 Qe7 25. Rc2 c5 26. dxc5 bxc5 27. f3 Ng3 28. Re1 g5 29. Qa4 Rxe3 30. Rcc1 c4 31. Qc6 Re8 32. Kh2 cxd3 0-1


[Site "https://www.chess.com"]

[Event "Titled Tuesday Blitz September 13 Early 2022"]
[White "Weetik, Vjacheslav"]
[Black "Belous, Vladimir"]
[WhiteFideId "4153472"]
[BlackFideId "4174003"]
[WhiteElo "2469"]
[BlackElo "2534"]
[Result "1-0"]
[Round "03"]
[TimeControl "180+1"]
[Date "2022.09.13"]
[WhiteClock "0:00:11"]
[BlackClock "0:00:11"]

1. d4 Nf6 2. c4 g6 3. g3 c5 4. Nf3 Bg7 5. Bg2 Qa5+ 6. Nbd2 cxd4 7. O-O e5 8. Nb3 Qc7 9. e3 dxe3 10. Bxe3 d6 11. Qd2 O-O 12. Rfd1 Rd8 13. Nxe5 Be6 14. Nd4 Na6 15. Nxe6 fxe6 16. Nd3 Qxc4 17. Bxb7 Rab8 18. Rac1 Qb5 19. Bc6 Qh5 20. Bxa7 Ng4 21. h4 Bh6 22. Nf4 Bxf4 23. Qxf4 Rxb2 24. Bf3 Rb4 25. Rc4 Rxc4 26. Qxc4 d5 27. Qxg4 Qe5 28. Bd4 Qd6 29. Re1 Nc7 30. h5 Kf7 31. Kg2 Qb4 32. hxg6+ hxg6 33. Rh1 Ke8 34. Qxg6+ Kd7 35. Be5 Nb5 36. Rh7+ 1-0


[Site "https://www.chess.com"]

[Event "Titled Tuesday Blitz September 13 Early 2022"]
[White "Zenin, Dmitry"]
[Black "Makarian, Rudik"]
[WhiteFideId "4127897"]
[BlackFideId "44105681"]
[WhiteElo "2215"]
[BlackElo "2410"]
[Result "0-1"]
[Round "03"]
[TimeControl "180+1"]
[Date "2022.09.13"]
[WhiteClock "0:00:51"]
[BlackClock "0:02:06"]

1. d4 Nf6 2. c4 g6 3. Nc3 Bg7 4. e4 c5 5. Nf3 O-O 6. Be2 Nc6 7. d5 Nd4 8. Nxd4 cxd4 9. Qxd4 d6 10. O-O a6 11. Be3 Ng4 12. Qd2 Nxe3 13. Qxe3 Bd7 14. c5 Qa5 15. cxd6 exd6 16. a3 Rac8 17. Rfc1 Qc5 18. Qxc5 Rxc5 19. Nd1 Rfc8 20. Rxc5 Rxc5 21. Bd3 f5 22. f3 f4 23. Kf1 Bb5 24. Bxb5 axb5 25. a4 b4 26. a5 Rc2 27. a6 bxa6 28. Rxa6 Be5 29. Rb6 Rd2 30. Ke1 Rxg2 31. Rb5 Rxh2 32. Rxb4 h5 33. Nf2 Rg2 34. Kf1 Rg3 35. Rb3 Kf7 36. Nh1 Rh3 37. Kg2 Rh4 38. Rb7+ Kf6 39. b4 g5 40. Rb8 g4 41. Nf2 Bd4 42. Rf8+ Ke7 43. Rxf4 Be5 44. Rf5 Rh2+ 45. Kg1 g3 46. Nd3 Bd4+ 0-1


[Site "https://www.chess.com"]

[Event "Titled Tuesday Blitz September 13 Early 2022"]
[White "assezde36"]
[Black "Hakobyan, Aram"]
[BlackFideId "13306677"]
[WhiteElo "2742"]
[BlackElo "2563"]
[Result "1-0"]
[Round "03"]
[TimeControl "180+1"]
[Date "2022.09.13"]
[WhiteClock "0:00:03"]
[BlackClock "0:00:04"]

1. Nf3 g6 2. e3 Bg7 3. d4 Nf6 4. Be2 O-O 5. O-O c6 6. c4 d6 7. Nc3 Bf5 8. b4 Ne4 9. Bb2 Nd7 10. a4 d5 11. Nxe4 Bxe4 12. Ng5 Bf5 13. g4 e5 14. Nxh7 Kxh7 15. gxf5 Qh4 16. fxg6+ fxg6 17. cxd5 cxd5 18. dxe5 Nxe5 19. f4 Ng4 20. Bxg4 Bxb2 21. Ra2 Bg7 22. Rg2 Rae8 23. Qd3 Kh8 24. Rg3 Bh6 25. Bd7 Re7 26. Qxd5 Rd8 27. Rxg6 Rexd7 28. Qe6 Rg7 29. Kh1 Rxg6 30. Qxg6 Rg8 31. Qe4 Qg4 32. Qxb7 Qe2 33. Qf3 Qc4 34. Rg1 Re8 35. Qh3 Qe4+ 36. Rg2 Kh7 37. Qg3 Rc8 38. h3 Rc2 39. Qg8# 1-0


[Site "https://www.chess.com"]

[Event "Titled Tuesday Blitz September 13 Early 2022"]
[White "Acor, Corey"]
[Black "Le, Tuan Minh"]
[WhiteFideId "2024861"]
[BlackFideId "12401153"]
[WhiteElo "2340"]
[BlackElo "2530"]
[Result "0-1"]
[Round "04"]
[TimeControl "180+1"]
[Date "2022.09.13"]
[WhiteClock "0:00:01"]
[BlackClock "0:00:05"]

1. e4 c5 2. Nc3 Nc6 3. g3 g6 4. Bg2 Bg7 5. d3 d6 6. Be3 Rb8 7. Nge2 Nf6 8. h3 O-O 9. f4 Nd7 10. d4 cxd4 11. Nxd4 Nb6 12. b3 e5 13. Nxc6 bxc6 14. Qd2 d5 15. exd5 cxd5 16. Nxd5 exf4 17. Bxf4 Nxd5 18. Qxd5 Bc3+ 19. Kf2 Qb6+ 20. Be3 Qf6+ 21. Bf3 Bxa1 22. Rxa1 Qxa1 23. Bd4 Qc1 24. Qe5 Qxc2+ 25. Kg1 Qc1+ 26. Kh2 Qd2+ 27. Bg2 f6 28. Qd5+ Be6 29. Qxe6+ Rf7 30. Bxf6 Qd7 31. Qe5 Re8 32. Qc3 Re2 33. Bd4 Qd5 34. Qc8+ Rf8 0-1


[Site "https://www.chess.com"]

[Event "Titled Tuesday Blitz September 13 Early 2022"]
[White "Amin, Bassem"]
[Black "Bluebaum, Matthias"]
[WhiteFideId "10601457"]
[BlackFideId "24651516"]
[WhiteElo "2699"]
[BlackElo "2633"]
[Result "0-1"]
[Round "04"]
[TimeControl "180+1"]
[Date "2022.09.13"]
[WhiteClock "0:00:02"]
[BlackClock "0:00:24"]

1. e4 c6 2. d3 d5 3. Nd2 e5 4. Ngf3 Bd6 5. g3 Nf6 6. Bg2 O-O 7. O-O Re8 8. b3 Nbd7 9. Bb2 Nf8 10. Re1 Ng6 11. d4 exd4 12. Nxd4 Be5 13. exd5 c5 14. Ne6 Bxe6 15. Bxe5 Bg4 16. f3 Nxe5 17. fxg4 Nexg4 18. Ne4 Ne5 19. c4 Nxe4 20. Rxe4 f5 21. Re2 Qd6 22. Qc2 g6 23. Rae1 Re7 24. Re3 Rae8 25. Qc3 Nf7 26. Re6 Rxe6 27. dxe6 Rxe6 28. Rxe6 Qxe6 29. Bxb7 Qe5 30. Qd2 Nd6 31. Bd5+ Kg7 32. Kg2 Kf6 33. Qf2 Ne4 34. Qe2 Qd4 35. Bxe4 Qxe4+ 36. Kf2 Qxe2+ 37. Kxe2 g5 38. a3 a5 39. Kd3 Ke5 40. Ke3 f4+ 41. gxf4+ gxf4+ 42. Kd3 Kf5 43. h3 h6 44. b4 axb4 45. axb4 cxb4 46. c5 b3 47. Kc3 f3 0-1


[Site "https://www.chess.com"]

[Event "Titled Tuesday Blitz September 13 Early 2022"]
[White "Andreikin, Dmitry"]
[Black "Weetik, Vjacheslav"]
[WhiteFideId "4158814"]
[BlackFideId "4153472"]
[WhiteElo "2736"]
[BlackElo "2469"]
[Result "1-0"]
[Round "04"]
[TimeControl "180+1"]
[Date "2022.09.13"]
[WhiteClock "0:00:51"]
[BlackClock "0:00:05"]

1. e4 e5 2. Nf3 Nc6 3. Bb5 g6 4. d4 exd4 5. Bg5 Be7 6. Bf4 Nf6 7. e5 Nd5 8. Bh6 Bf8 9. Qd2 Bxh6 10. Qxh6 Qe7 11. O-O Qf8 12. Qh4 Qe7 13. Qh6 Qf8 14. Qh4 Qe7 15. Qg3 O-O 16. Nbd2 d6 17. exd6 Qxd6 18. Qxd6 cxd6 19. Nb3 Ndb4 20. Nfxd4 Be6 21. Nxe6 fxe6 22. c3 Nd5 23. Bxc6 bxc6 24. Nd4 c5 25. Nxe6 Rfe8 26. Rfe1 Re7 27. Kf1 Rae8 28. Ng5 Nb6 29. Rxe7 Rxe7 30. Rd1 d5 31. b3 Kg7 32. f4 Kf6 33. Kf2 h6 34. Nf3 a5 35. Re1 Rxe1 36. Nxe1 g5 37. Kf3 a4 38. Nc2 axb3 39. axb3 h5 40. fxg5+ Kxg5 41. b4 Na4 42. bxc5 Nxc5 43. Ne3 Ne4 44. Nxd5 1-0


[Site "https://www.chess.com"]

[Event "Titled Tuesday Blitz September 13 Early 2022"]
[White "Bachmann, Axel"]
[Black "Shuvalova, Polina"]
[WhiteFideId "3700488"]
[BlackFideId "24171760"]
[WhiteElo "2595"]
[BlackElo "2330"]
[Result "1-0"]
[Round "04"]
[TimeControl "180+1"]
[Date "2022.09.13"]
[WhiteClock "0:00:07"]
[BlackClock "0:00:01"]

1. e4 c6 2. d4 d5 3. exd5 cxd5 4. Bd3 Nc6 5. c3 Nf6 6. h3 e5 7. dxe5 Nxe5 8. Be2 Bd6 9. Be3 O-O 10. Nd2 Bf5 11. Nb3 Nc4 12. Bc1 Re8 13. Nf3 Qe7 14. Nbd4 Bd7 15. O-O Rad8 16. Re1 Ne4 17. Qc2 Ne5 18. Be3 Qf6 19. Rad1 h6 20. Nxe5 Bxe5 21. Nf3 Bf5 22. Nxe5 Nxf2 23. Bd3 Nxd1 24. Bd4 Bxd3 25. Nxd3 Rxe1+ 26. Nxe1 Qa6 27. Qxd1 Qxa2 28. Qg4 g5 29. Qe2 Qa6 30. Qe5 f6 31. Qe7 Rf8 32. Nf3 Rf7 33. Qd8+ Kg7 34. b4 Qc6 35. h4 Qd7 36. Qb8 g4 37. Nh2 b6 38. Nf1 Qf5 39. Ng3 Qb1+ 40. Kh2 Qg6 41. Qf4 Kh7 42. Qd6 f5 43. Qe5 Qg8 44. Nh5 f4 45. Nxf4 g3+ 46. Kh3 Qf8 47. Ne6 Qc8 48. Kxg3 Re7 49. Qf5+ Kg8 50. Qg6+ Rg7 51. Qxg7# 1-0


[Site "https://www.chess.com"]

[Event "Titled Tuesday Blitz September 13 Early 2022"]
[White "Bacrot, Etienne"]
[Black "Csonka, Balazs"]
[WhiteFideId "605506"]
[BlackFideId "742910"]
[WhiteElo "2666"]
[BlackElo "2404"]
[Result "1-0"]
[Round "04"]
[TimeControl "180+1"]
[Date "2022.09.13"]
[WhiteClock "0:00:05"]
[BlackClock "0:00:01"]

1. e4 c5 2. Nf3 d6 3. Bb5+ Nd7 4. d4 cxd4 5. Qxd4 Nf6 6. O-O a6 7. Be2 g6 8. Nc3 Bg7 9. Rd1 O-O 10. e5 dxe5 11. Nxe5 Nh5 12. f4 Qa5 13. Nd5 e6 14. Ne7+ Kh8 15. Nxc8 Nxe5 16. Qb6 Qa4 17. b3 Qe4 18. Bxh5 gxh5 19. Nd6 Qe2 20. Ba3 Nf3+ 21. Kh1 Nh4 22. Qg1 Bxa1 23. Re1 Qg4 24. Rxa1 Nf5 25. Bb2+ f6 26. Ne4 Qg7 27. Rd1 Rae8 28. Qf2 e5 29. Qc5 Rd8 30. Rf1 Rc8 31. Qf2 Nd4 32. c3 Ne6 33. f5 Nf4 34. Qf3 Rcd8 35. g3 Rd3 36. Qf2 Nh3 37. Qg2 Ng5 38. Ba3 Nxe4 39. Bxf8 Qg4 40. Be7 Rd2 41. Qg1 Qh3 42. Rf3 Rc2 43. Re3 Nf2+ 44. Qxf2 Rxf2 45. Bxf6+ 1-0


[Site "https://www.chess.com"]

[Event "Titled Tuesday Blitz September 13 Early 2022"]
[White "Barria Zuniga, Daniel"]
[Black "Samsonkin, Artiom"]
[WhiteFideId "3400816"]
[BlackFideId "13503111"]
[WhiteElo "2414"]
[BlackElo "2524"]
[Result "0-1"]
[Round "04"]
[TimeControl "180+1"]
[Date "2022.09.13"]
[WhiteClock "0:00:07"]
[BlackClock "0:01:17"]

1. d4 Nf6 2. c4 e6 3. Nf3 Bb4+ 4. Nbd2 O-O 5. g3 a5 6. Bg2 a4 7. O-O a3 8. b3 d6 9. Qc2 Qe7 10. e4 e5 11. Nb1 Bg4 12. Nbd2 exd4 13. Nxd4 Qe5 14. Qd3 Na6 15. f4 Qh5 16. N4f3 Nc5 17. Qc2 Rfe8 18. Rb1 Ncxe4 19. Nxe4 Nxe4 20. Be3 Nxg3 21. hxg3 Rxe3 22. Kf2 Bc5 0-1


[Site "https://www.chess.com"]

[Event "Titled Tuesday Blitz September 13 Early 2022"]
[White "Beerdsen, Thomas"]
[Black "Vidit, Santosh Gujrathi"]
[WhiteFideId "1030108"]
[BlackFideId "5029465"]
[WhiteElo "2567"]
[BlackElo "2654"]
[Result "1-0"]
[Round "04"]
[TimeControl "180+1"]
[Date "2022.09.13"]
[WhiteClock "0:00:14"]
[BlackClock "0:00:09"]

1. e4 Nc6 2. Nf3 d6 3. d4 Nf6 4. Nc3 g6 5. Bg5 Bg7 6. Qd2 h6 7. Bf4 Bg4 8. O-O-O Nd7 9. Be3 e5 10. dxe5 Ncxe5 11. Nxe5 Nxe5 12. f3 Be6 13. Kb1 h5 14. h3 Qd7 15. f4 Nc6 16. Nd5 a6 17. f5 gxf5 18. Bg5 fxe4 19. Nf6+ Bxf6 20. Bxf6 Rg8 21. g4 hxg4 22. hxg4 Ne7 23. Qd4 Nd5 24. Bh4 c5 25. Qxe4 Rxg4 26. Bg5 Qc6 27. Qf3 Kd7 28. Bh3 Nb4 29. Bxg4 Qxf3 30. Bxf3 Rg8 31. Bf4 d5 32. a3 Nc6 33. Bxd5 Nd4 34. Bxe6+ Kxe6 35. c3 Nf3 36. Rhf1 Nh4 37. Rd6+ Ke7 38. Rb6 Rg2 39. Rxb7+ Ke6 40. Rb6+ Kd5 41. Rd1+ Kc4 42. b3+ Kxc3 43. Be5# 1-0


[Site "https://www.chess.com"]

[Event "Titled Tuesday Blitz September 13 Early 2022"]
[White "Bortnyk, Olexandr"]
[Black "Pap, Gyula"]
[WhiteFideId "14120828"]
[BlackFideId "725323"]
[WhiteElo "2723"]
[BlackElo "2519"]
[Result "1/2-1/2"]
[Round "04"]
[TimeControl "180+1"]
[Date "2022.09.13"]
[WhiteClock "0:00:09"]
[BlackClock "0:00:02"]

1. e4 c6 2. c4 e5 3. Nf3 Nf6 4. Nc3 d6 5. d4 Nbd7 6. g3 g6 7. Bg2 Bg7 8. O-O O-O 9. Be3 Re8 10. dxe5 dxe5 11. h3 Qe7 12. Qc2 b6 13. Rfd1 Bb7 14. a3 Red8 15. b4 Ne8 16. h4 Nc7 17. b5 cxb5 18. Nd5 Nxd5 19. cxd5 Nc5 20. h5 Bc8 21. h6 Bf6 22. Nh2 Bg5 23. d6 Qf6 24. Bxc5 bxc5 25. Qxc5 Bxh6 26. Rd3 Bf8 27. Rad1 a6 28. f4 Re8 29. Qc6 Be6 30. d7 Red8 31. Ng4 Qe7 32. Nxe5 f6 33. Rd6 fxe5 34. Rxe6 Qc5+ 35. Kf1 Qxa3 36. Re8 Qxg3 37. Qd5+ Kg7 38. Qxe5+ Kh6 39. Rxd8 Rxd8 40. Qf6 Be7 41. Qxe7 Qxf4+ 42. Kg1 Qe3+ 43. Kh1 Qg5 44. Qxg5+ Kxg5 45. e5 Kf5 46. Bh3+ Kxe5 47. Rc1 Kd6 48. Kg2 a5 49. Rd1+ Kc7 50. Rc1+ Kd6 51. Kf3 a4 52. Rc8 Ke7 53. Rc5 b4 54. Rc4 b3 55. Rxa4 Rb8 56. Re4+ Kf7 57. Be6+ Kf6 58. Bh3 b2 59. Re1 Kf7 60. Rb1 Ke7 61. Ke3 Rb3+ 62. Kf4 Rxh3 63. Rxb2 Kxd7 64. Kg5 Rh5+ 65. Kf6 Kd6 66. Rd2+ Kc5 67. Rd7 Kc4 68. Ke6 Kc3 69. Kf6 Kc4 70. Ke6 Kc5 71. Kf6 Kc6 72. Rd2 Rd5 73. Rh2 Rd7 74. Ke6 Ra7 75. Rc2+ Kb5 76. Kf6 Kb4 77. Rh2 Kc3 78. Rh4 Kd3 79. Rb4 Ke3 80. Kg5 Kf3 81. Kh6 Rf7 82. Rb3+ Kf4 83. Rb4+ Kg3 84. Rb5 Kg4 85. Rg5+ Kh4 86. Rg1 g5 87. Rh1+ Kg4 88. Rg1+ Kh4 89. Rh1+ Kg3 90. Rg1+ Kh4 1/2-1/2


[Site "https://www.chess.com"]

[Event "Titled Tuesday Blitz September 13 Early 2022"]
[White "Demchenko, Anton"]
[Black "assezde36"]
[WhiteFideId "4160258"]
[WhiteElo "2539"]
[BlackElo "2754"]
[Result "0-1"]
[Round "04"]
[TimeControl "180+1"]
[Date "2022.09.13"]
[WhiteClock "0:00:03"]
[BlackClock "0:00:17"]

1. e4 c6 2. d4 d5 3. Nc3 dxe4 4. Nxe4 Nf6 5. Qd3 Nxe4 6. Qxe4 Nd7 7. Nf3 Nf6 8. Qd3 g6 9. Be2 Bg7 10. O-O O-O 11. Re1 a5 12. a4 Qb6 13. Qa3 Re8 14. Bc4 Qc7 15. Qa2 e6 16. c3 b6 17. Bg5 Bb7 18. Ne5 c5 19. Bb5 Rec8 20. dxc5 Qxc5 21. Nxf7 Bd5 22. c4 Ng4 23. Re2 Bxg2 24. Kxg2 Kxf7 25. Bf4 Kg8 26. Bg3 Rf8 27. Rae1 Bd4 28. b3 Rf7 29. h3 Nf6 30. Rxe6 Nh5 31. Re8+ Rxe8 32. Rxe8+ Kg7 33. Re2 Qf5 34. Qd2 Qf3+ 35. Kh2 Bc3 36. Qe3 Nxg3 37. Qxf3 Rxf3 38. fxg3 Bd4 39. Re7+ Kf6 40. Kg2 Rf2+ 41. Kh1 Kxe7 0-1


[Site "https://www.chess.com"]

[Event "Titled Tuesday Blitz September 13 Early 2022"]
[White "Dilanyan, Grigor"]
[Black "Jobava, Baadur"]
[WhiteFideId "13303570"]
[BlackFideId "13601520"]
[WhiteElo "2264"]
[BlackElo "2582"]
[Result "0-1"]
[Round "04"]
[TimeControl "180+1"]
[Date "2022.09.13"]
[WhiteClock "0:00:13"]
[BlackClock "0:02:23"]

1. d4 d5 2. Nf3 Nf6 3. c4 dxc4 4. e3 Bg4 5. Bxc4 e6 6. h3 Bh5 7. Nc3 Nc6 8. O-O Bd6 9. Be2 O-O 10. a3 Qe8 11. b4 Rd8 12. Nd2 Bg6 13. Bf3 e5 14. d5 e4 15. dxc6 Qe5 16. g3 Qxc3 17. cxb7 Qxa1 18. Be2 Qe5 19. Nc4 Qe6 20. Qa4 Bxg3 21. fxg3 Qxh3 22. Qxa7 Qxg3+ 23. Kh1 Rd5 24. Rf4 Qh3+ 25. Kg1 Rg5+ 26. Bg4 Nxg4 27. b8=Q Nh2+ 28. Kh1 Nf3# 0-1


[Site "https://www.chess.com"]

[Event "Titled Tuesday Blitz September 13 Early 2022"]
[White "Dubov, Daniil"]
[Black "Fernandez Guillen, Ernesto J."]
[WhiteFideId "24126055"]
[BlackFideId "3512428"]
[WhiteElo "2791"]
[BlackElo "2422"]
[Result "1-0"]
[Round "04"]
[TimeControl "180+1"]
[Date "2022.09.13"]
[WhiteClock "0:00:16"]
[BlackClock "0:00:15"]

1. e4 c5 2. Nf3 d6 3. Bb5+ Bd7 4. Bxd7+ Nxd7 5. c3 Ngf6 6. Qe2 g6 7. d4 cxd4 8. cxd4 Bg7 9. Nc3 O-O 10. e5 dxe5 11. dxe5 Ng4 12. e6 Nde5 13. Nxe5 Nxe5 14. exf7+ Rxf7 15. O-O Rc8 16. Rd1 Qf8 17. Be3 a6 18. Bd4 Nc6 19. Bxg7 Qxg7 20. Ne4 Rcf8 21. Rd2 Qe5 22. Rad1 h6 23. f3 Kh7 24. Rd5 Qf4 25. Nc5 Qb4 26. Ne6 Rc8 27. Kh1 Qb6 28. a3 Rf6 29. h4 Re8 30. h5 Nb4 31. Re5 Nc6 32. hxg6+ Rxg6 33. Rf5 Na5 34. Nf4 Rd6 35. Rxd6 Qxd6 36. Qe4 Kg8 37. Rxa5 e5 38. Qd5+ Qxd5 39. Nxd5 Kf7 40. Nc3 Ke6 41. Rc5 Kd6 42. Ne4+ Ke6 43. Rc7 1-0


[Site "https://www.chess.com"]